 Dungeon Sprint DCSS version 0.29-a0-90-gc37658a0fe (webtiles) character file.

Game seed: 4678864462594991435

53900 mhtbhm the Slayer (level 14, -11/162 HPs)
             Began as a Yellow Draconian Berserker on Feb 6, 2022.
             Was the Champion of Trog.
             Shot with a bolt by a yaktaur captain (24 damage)
             ... in the Dungeon (Sprint IX: "|||||||||||||||||||||||||||||").
             The game lasted 00:09:45 (4543 turns).

mhtbhm the Slayer (Yellow Draconian Berserker)      Turns: 4543, Time: 00:09:45

Health: -11/162    AC: 15    Str: 26    XL:     14   Next: 32%
Magic:  23/23      EV: 19    Int: 13    God:    Trog [******]
Gold:   494        SH:  0    Dex: 11    Spells: 13/13 levels left

rFire   + . .      SeeInvis .   a - +8 great sword of the Lonely Songs {vorpal, rElec Dex+3}
rCold   + + .      Faith    .   (shield currently unavailable)
rNeg    + + .      Spirit   .   (armour unavailable)
rPois   +          Reflect  .   v - +2 hat {Int+3}
rElec   +          Harm     .   j - +1 cloak {rPois}
rCorr   +          Rampage  .   l - +1 pair of gloves
Will    +....      NoTele   +   k - +0 pair of boots
Stlth   ++++......              q - amulet of regeneration
HPRegen 1.17/turn               A - ring "Ziphume" {rC++ rN+ Str+3 Dex-2}
MPRegen 0.18/turn               z - ring of Duopt {Drain rF+ rN+ MP+9}

@: on berserk cooldown, slowed, very slow
A: spit acid, AC +8, unfitting armour, acidic bite, cold-blooded, acid
resistance
a: Breathe Acid, Renounce Religion, Berserk, Trog's Hand, Brothers in Arms


You were in the Dungeon.
You worshipped Trog.
Trog was exalted by your worship.
You visited 1 branch You collected 1916 gold pieces.
You spent 1422 gold pieces at shops.

Inventory:

Hand Weapons
 a - the +8 great sword of the Lonely Songs (weapon) {vorpal, rElec Dex+3}
   (Trog gifted it to you in the Dungeon)

   It inflicts extra damage upon your enemies.
   Dex:       It affects your dexterity (+3).
   rElec:     It insulates you from electricity.
 C - a +5 great sword of flaming
 E - a +2 vorpal demon blade
Missiles
 w - a silver boomerang (quivered)
 F - a silver javelin
Armour
 j - a +1 cloak of poison resistance (worn)
 k - a +0 pair of boots (worn)
 l - a +1 pair of gloves (worn)
 v - a +2 hat of intelligence (worn)
 x - a +1 tower shield of fire resistance
 y - a scarf of resistance
Jewellery
 m - a +6 ring of strength
 q - an amulet of regeneration (around neck)
 r - an amulet of the acrobat
 z - the ring of Duopt (right hand) {Drain rF+ rN+ MP+9}
   (You bought it in a shop in the Dungeon)

   [ring of magical power]

   rF:        It protects you from fire.
   rN:        It protects you from negative energy.
   MP:        It affects your magic capacity (+9).
   Drain:     It drains your maximum health when unequipped.
 A - the ring "Ziphume" (left hand) {rC++ rN+ Str+3 Dex-2}
   (You bought it in a shop in the Dungeon)

   [ring of positive energy]

   Str:       It affects your strength (+3).
   Dex:       It affects your dexterity (-2).
   rC:        It greatly protects you from cold.
   rN:        It protects you from negative energy.
 B - a ring of see invisible
Wands
 i - a wand of iceblast (1)
 u - a wand of polymorph (4)
 D - a wand of acid (10)
Scrolls
 g - a scroll of blinking
 n - 2 scrolls of identify
 o - 3 scrolls of fog
 p - 4 scrolls of enchant armour
 s - a scroll of magic mapping
 t - a scroll of fear
Potions
 b - 10 potions of curing
 c - 3 potions of heal wounds
 d - a potion of haste
 e - 4 potions of magic
 f - a potion of berserk rage
 h - a potion of invisibility


   Skills:
 + Level 25.2 Fighting
 + Level 25.1 Long Blades
 + Level 17.7 Dodging
 + Level 8.7 Stealth
 + Level 5.8 Evocations


You had 13 spell levels left.
You didn't know any spells.
Your spell library was empty.

Dungeon Overview and Level Annotations

Branches:
Dungeon (1/1)

Altars:
Cheibriados
Dithmenos
Elyvilon
Fedhas
Gozag
Hepliaklqana
Kikubaaqudgha
Makhleb
Nemelex Xobeh
Okawaru
Qazlal
Ru
Sif Muna
Trog
Uskayaw
Vehumet
Wu Jian
Xom
Yredelemnul
Zin
The Shining One
Beogh
Jiyva
Lugonu

Shops:
D ([=[


Innate Abilities, Weirdness & Mutations

You can spit globs of acid.
Your golden yellow scales are hard. (AC +8)
You cannot fit into any form of body armour.
You have acidic saliva.
You are cold-blooded and may be slowed by cold attacks.
You are resistant to acid. (rCorr)


Message History

The ironbound preserver gestures wildly while chanting.
The ironbound preserver begins to accept its allies' injuries.
Your cyclops hits the ironbound preserver!!
The ironbound preserver hits your cyclops with a +0 morningstar!
The ironbound preserver casts a spell.
The ironbound preserver is healed somewhat.
Your cyclops hits the ironbound preserver!
The ironbound preserver mumbles some strange words.
The ironbound preserver begins to accept its allies' injuries.
Unknown command.
The ironbound preserver gestures wildly while chanting.
The ironbound preserver begins to accept its allies' injuries.
Your cyclops hits the ironbound preserver!
The ironbound preserver dies!
Trog accepts your kill.
Trog appreciates your killing of a magic user.
The yaktaur captain wields a +0 arbalest.
The yaktaur captain shoots a bolt.
Reactivating autopickup.
Unknown command.
The yaktaur captain shoots a bolt.
The bolt hits your cyclops!!
There is an open door to the Vaults, spattered with blood here.
The yaktaur captain shoots a bolt.
The bolt barely misses your cyclops. The bolt hits you!
* * * LOW HITPOINT WARNING * * *
Your cyclops hits the yaktaur captain!!!
The yaktaur captain shoots a bolt.
The bolt barely misses your cyclops. The bolt completely misses you.
You see here a +4 vorpal executioner's axe.
Unknown command.
Your cyclops hits the yaktaur captain!
The yaktaur captain shoots a bolt.
The bolt completely misses your cyclops.
The bolt hits you!!
* * * LOW HITPOINT WARNING * * *
Your cyclops barely misses the yaktaur captain.
The yaktaur captain shoots a bolt.
The bolt hits your cyclops!!
Your cyclops dies!
Your cyclops's corpse disappears in a puff of smoke!
The yaktaur captain shoots a bolt.
The bolt hits you!!
You die...

▓▓▓▓▓▓▓▓▓▓▓▓▓▓▓▓▓▓▓▓▓▓▓▓▓▓▓▓
.......))†).....@').))§cp.p.
▓▓▓▓▓▓▓▓▓▓▓▓▓▓▓▓▓▓▓▓▓▓▓▓▓▓▓▓▓▓▓▓▓
.........)..)....................
▓▓▓▓▓▓♣♣♣♣♣♣♣♣♣♣▓▓▓▓▓▓▓▓▓▓▓▓▓▓▓▓▓
.....)))).......')))÷)))..'))....
▓▓▓▓▓▓♣♣♣♣♣♣♣♣♣♣▓▓▓▓▓▓▓▓▓▓▓▓▓▓▓▓▓
........................)........
▓▓▓▓▓▓▓▓▓▓▓▓▓▓▓▓▓▓▓▓▓▓▓▓▓▓▓▓▓▓▓▓▓
)))).[[[[[[[[.........(').)()(...


You could see a yaktaur captain (sheltered).

Vanquished Creatures
  Gastronok (D)
  A fire giant (D)
  A frost giant (D)
  2 vault wardens (D)
  An eleionoma (D)
  4 stone giants (D)
  A dire elephant (D)
  An entropy weaver (D)
  A spark wasp (D)
  3 ettins (D)
  A merfolk javelineer (D)
  A hydra (D)
  A rakshasa (D)
  Erolcha (D)
  A spriggan air mage (D)
  Erica (D)
  A boulder beetle (D)
  A merfolk avatar (D)
  A satyr (D)
  A vampire mage (D)
  An alligator (D)
  A two-headed ogre (D)
  2 deep troll shamans (D)
  6 orc high priests (D)
  A spriggan berserker (D)
  A naga sharpshooter (D)
  A shock serpent (D)
  2 goliath frogs (D)
  A skeletal warrior (D)
  A sun moth (D)
  2 flayed ghosts (D)
  A glowing orange brain (D)
  2 sea snakes (D)
  3 spriggan druids (D)
  A swamp dragon (D)
  A lindwurm (D)
  An orb spider (D)
  2 steelbarb worms (D)
  A naga ritualist (D)
  A harpy (shapeshifter) (D)
  A deep elf pyromancer (D)
  A salamander (D)
  2 cyclopes (D)
  3 ugly things (D)
  A guardian serpent (D)
  A moth of wrath (D)
  A water nymph (D)
  2 vault sentinels (D)
  5 black mambas (D)
  2 cane toads (D)
  A gargoyle (D)
  A torpor snail (D)
  Psyche (D)
  A kobold demonologist (D)
  A yaktaur (D)
  3 komodo dragons (D)
  A komodo dragon (shapeshifter) (D)
  A tengu conjurer (D)
  A troll (D)
  A polar bear (D)
  2 slime creatures (D)
  A jumping spider (D)
  2 water elementals (D)
  7 yaks (D)
  2 nagas (D)
  A water moccasin (D)
  7 orc warriors (D)
  7 black bears (D)
  A centaur (D)
  2 ogres (D)
  3 bullfrogs (D)
  2 killer bees (D)
  A howler monkey (D)
  A hound (D)
  10 orc priests (D)
  An orc wizard (D)
  A hell rat (D)
  A dart slug (D)
  7 orcs (D)
  A bat (D)
  A bat skeleton (D)
  A bat zombie (D)
  An endoplasm (D)
  A goblin (D)
  A hobgoblin (D)
  A quokka skeleton (D)
155 creatures vanquished.

Vanquished Creatures (collateral kills)
  2 ironbound preservers (D)
  A stone giant (D)
  An entropy weaver (D)
  A great orb of eyes (D)
  An orc high priest (D)
  A cyclops (D)
  A tengu conjurer (D)
  A redback (D)
  An orc warrior (D)
  4 orc priests (D)
  An orc (D)
15 creatures vanquished.

Vanquished Creatures (others)
  A wizard (D)
1 creature vanquished.

Grand Total: 171 creatures vanquished

Notes
Turn   | Place    | Note
-------+----------+-------------------------------------------
     0 | D        | mhtbhm the Draconian Berserker began the quest for the Orb.
     0 | D        | Reached XP level 1. HP: 19/19 MP: 1/1
    11 | D        | Reached ** piety under Trog
    33 | D        | Reached XP level 2. HP: 16/27 MP: 2/2
   155 | D        | Noticed an ogre
   155 | D        | Noticed an ogre
   163 | D        | Killed an ogre
   163 | D        | Reached *** piety under Trog
   164 | D        | Reached skill level 5 in Long Blades
   164 | D        | Reached skill level 5 in Dodging
   164 | D        | Reached skill level 1 in Stealth
   164 | D        | Reached XP level 3. HP: 37/37 MP: 3/3
   164 | D        | Reached XP level 4. HP: 44/44 MP: 4/4
   168 | D        | Killed an ogre
   169 | D        | Reached XP level 5. HP: 46/52 MP: 5/5
   174 | D        | Found a snail-covered altar of Cheibriados.
   174 | D        | Found a shadowy altar of Dithmenos.
   174 | D        | Found a white marble altar of Elyvilon.
   174 | D        | Found a blossoming altar of Fedhas.
   174 | D        | Found an opulent altar of Gozag.
   175 | D        | Found a hazy altar of Hepliaklqana.
   196 | D        | Found a viscous altar of Jiyva.
   197 | D        | Found an ancient bone altar of Kikubaaqudgha.
   198 | D        | Found a corrupted altar of Lugonu.
   199 | D        | Found a burning altar of Makhleb.
   200 | D        | Found a sparkling altar of Nemelex Xobeh.
   201 | D        | Found an iron altar of Okawaru.
   202 | D        | Found a stormy altar of Qazlal.
   203 | D        | Found a sacrificial altar of Ru.
   204 | D        | Found a shimmering blue altar of Sif Muna.
   205 | D        | Found a bloodstained altar of Trog.
   206 | D        | Found a hide-covered altar of Uskayaw.
   207 | D        | Found a radiant altar of Vehumet.
   208 | D        | Found an ornate altar of the Wu Jian Council.
   209 | D        | Found a shimmering altar of Xom.
   210 | D        | Found a basalt altar of Yredelemnul.
   211 | D        | Found a glowing silver altar of Zin.
   212 | D        | Found a glowing golden altar of the Shining One.
   286 | D        | Noticed a troll
   286 | D        | Noticed a yak
   292 | D        | Killed a troll
   292 | D        | Reached **** piety under Trog
   293 | D        | Reached XP level 6. HP: 63/63 MP: 6/6
   295 | D        | Killed a yak
   296 | D        | Your scales start taking on a golden yellow colour.
   296 | D        | Reached XP level 7. HP: 71/71 MP: 7/7
   296 | D        | Gained mutation: You are resistant to acid. (rCorr) [Yellow
                  | Draconian growth]
   300 | D        | Reached skill level 10 in Long Blades
   301 | D        | Reached skill level 10 in Fighting
   375 | D        | Noticed a two-headed ogre
   375 | D        | Noticed a kobold demonologist
   375 | D        | Noticed a deep elf pyromancer
   375 | D        | Noticed a komodo dragon
   375 | D        | Noticed a gargoyle
   379 | D        | Noticed a fire elemental
   380 | D        | Killed a two-headed ogre
   380 | D        | Reached ***** piety under Trog
   381 | D        | Reached XP level 8. HP: 71/82 MP: 8/8
   383 | D        | Killed a kobold demonologist
   384 | D        | Reached skill level 10 in Dodging
   387 | D        | Killed a deep elf pyromancer
   387 | D        | Received a gift from Trog
   391 | D        | Reached XP level 9. HP: 68/90 MP: 9/9
   394 | D        | Killed a komodo dragon
   399 | D        | Killed a gargoyle
   762 | D        | Noticed a komodo dragon
   762 | D        | Noticed a cane toad
   762 | D        | Noticed a black mamba
   769 | D        | Killed a komodo dragon
   778 | D        | Killed a cane toad
   783 | D        | Killed a black mamba
   788 | D        | Reached skill level 5 in Stealth
   795 | D        | Identified the +1 short sword of Subterfuge {vorpal, Dex+4}
                  | (Trog gifted it to you in the Dungeon)
   795 | D        | Received a gift from Trog
   796 | D        | Reached XP level 10. HP: 85/102 MP: 10/10
   973 | D        | Noticed a cane toad
   973 | D        | Noticed a black mamba
   976 | D        | Noticed a black mamba
   976 | D        | Killed a cane toad
   977 | D        | Reached skill level 15 in Long Blades
   981 | D        | Killed a black mamba
   984 | D        | Reached ****** piety under Trog
   999 | D        | Killed a black mamba
   999 | D        | Received a gift from Trog
  1083 | D        | Reached skill level 15 in Fighting
  1091 | D        | Received a gift from Trog
  1142 | D        | Noticed Erica
  1150 | D        | Killed Erica
  1163 | D        | Noticed Psyche
  1168 | D        | Killed Psyche
  1168 | D        | Received a gift from Trog
  1181 | D        | Noticed Gastronok
  1190 | D        | Killed Gastronok
  1191 | D        | Reached XP level 11. HP: 113/114 MP: 11/11
  1347 | D        | Identified the +3 great sword of Killer Klown's Foe
                  | {vorpal, rElec Will- Dex+7} (Trog gifted it to you in the
                  | Dungeon)
  1347 | D        | Received a gift from Trog
  1660 | D        | Received a gift from Trog
  1673 | D        | Noticed an orc high priest
  1680 | D        | Received a gift from Trog
  1689 | D        | Noticed a soul eater
  1697 | D        | Killed an orc high priest
  1996 | D        | Found Guosair's Weapon Emporium.
  1996 | D        | Noticed an orc high priest
  1996 | D        | Noticed an orc high priest
  1996 | D        | Noticed an orc high priest
  1996 | D        | Noticed an orc high priest
  2004 | D        | Killed an orc high priest
  2005 | D        | Found Sucy's Armour Shoppe.
  2008 | D        | Killed an orc high priest
  2009 | D        | Reached skill level 1 in Evocations
  2011 | D        | Killed an orc high priest
  2012 | D        | Found Nylep's Jewellery Emporium.
  2015 | D        | Noticed an orc high priest
  2019 | D        | Killed an orc high priest
  2019 | D        | Received a gift from Trog
  2026 | D        | Killed an orc high priest
  2277 | D        | Found Ismer's Antique Armour Shoppe.
  2284 | D        | Noticed an orc high priest
  2290 | D        | Killed an orc high priest
  2319 | D        | Bought a +1 tower shield of fire resistance for 214 gold
                  | pieces
  2319 | D        | Bought a scarf of resistance for 416 gold pieces
  2325 | D        | Bought the ring of Duopt {Drain rF+ rN+ MP+9} for 326 gold
                  | pieces
  2325 | D        | Bought the ring "Ziphume" {rC++ rN+ Str+3 Dex-2} for 466
                  | gold pieces
  2532 | D        | Noticed a red ugly thing
  2533 | D        | Noticed a harpy
  2533 | D        | a yaktaur changed into a harpy
  2538 | D        | Killed a harpy
  2538 | D        | Received a gift from Trog
  2539 | D        | Noticed a skeletal warrior
  2543 | D        | Killed a red ugly thing
  2543 | D        | Noticed a stone giant
  2551 | D        | Reached XP level 12. HP: 127/127 MP: 12/12
  2552 | D        | Noticed a stone giant
  2553 | D        | Killed a stone giant
  2561 | D        | Noticed a great orb of eyes
  2562 | D        | Noticed a rakshasa
  2570 | D        | Killed a stone giant
  2570 | D        | Received a gift from Trog
  2575 | D        | Killed a great orb of eyes
  2576 | D        | Noticed a deep troll shaman
  2667 | D        | Killed a deep troll shaman
  2668 | D        | Reached skill level 15 in Dodging
  2669 | D        | Noticed a death yak
  2821 | D        | Killed a rakshasa
  2976 | D        | Identified the +8 great sword of the Lonely Songs {vorpal,
                  | rElec Dex+3} (Trog gifted it to you in the Dungeon)
  2976 | D        | Received a gift from Trog
  2977 | D        | Reached skill level 5 in Evocations
  3046 | D        | Noticed Erolcha
  3061 | D        | Killed Erolcha
  3145 | D        | Noticed an entropy weaver
  3161 | D        | Received a gift from Trog
  3167 | D        | Killed an entropy weaver
  3384 | D        | Noticed a seven-headed hydra
  3384 | D        | Noticed an eleionoma
  3392 | D        | Killed an eleionoma
  3396 | D        | Received a gift from Trog
  3397 | D        | Reached XP level 13. HP: 139/139 MP: 13/13
  3410 | D        | Received a gift from Trog
  3633 | D        | Received a gift from Trog
  3637 | D        | HP: 7/143 [salamander (15)]
  3637 | D        | HP: 1/143 [salamander (6)]
  3730 | D        | Noticed a merfolk javelineer
  3747 | D        | Received a gift from Trog
  3760 | D        | Killed a merfolk javelineer
  3766 | D        | Received a gift from Trog
  4017 | D        | Noticed a stone giant
  4017 | D        | Noticed an ettin
  4017 | D        | Noticed a frost giant
  4018 | D        | Noticed an ettin
  4024 | D        | Killed a stone giant
  4120 | D        | Killed a frost giant
  4133 | D        | Killed an ettin
  4191 | D        | Received a gift from Trog
  4200 | D        | Killed an ettin
  4201 | D        | Noticed a spark wasp
  4204 | D        | Noticed a stone giant
  4207 | D        | Noticed a stone giant
  4208 | D        | Killed a spark wasp
  4217 | D        | Killed a stone giant
  4217 | D        | Received a gift from Trog
  4223 | D        | Killed a stone giant
  4358 | D        | Noticed an ettin
  4364 | D        | Killed an ettin
  4365 | D        | Noticed a fire giant
  4369 | D        | Gained mutation: You have acidic saliva. [Yellow Draconian
                  | growth]
  4369 | D        | Reached XP level 14. HP: 134/158 MP: 14/14
  4371 | D        | Received a gift from Trog
  4383 | D        | Killed a fire giant
  4485 | D        | Noticed a vault warden
  4496 | D        | Received a gift from Trog
  4501 | D        | Killed a vault warden
  4502 | D        | Noticed an ironbound preserver
  4508 | D        | Noticed a vault warden
  4514 | D        | Received a gift from Trog
  4516 | D        | Noticed an ironbound preserver
  4528 | D        | Killed a vault warden
  4530 | D        | Noticed an ironbound preserver
  4536 | D        | Killed an ironbound preserver
  4536 | D        | Received a gift from Trog
  4539 | D        | Killed an ironbound preserver
  4543 | D        | Shot with a bolt by a yaktaur captain

Illustrated notes

Levels and vault maps discovered:
D:        linesprint [early_d, line_temple, items_1, d_10, items_2, lair_1,
          lair_end, items_3, orc_1, orc_end, items_4, d_15, swamp_1, shoals_1,
          snake_1, spider_1, d_20, vaults_1, items_5, swamp_end, shoals_end,
          snake_end, spider_end, vaults_end, d_27, items_6, zot_1, zot_end,
          crypt_end, forest_end, elf_end, slime_end, tomb_end, abyss_end,
          pan_hell_end]

Skill      XL: |  1  2  3  4  5  6  7  8  9 10 11 12 13 14 |
---------------+-------------------------------------------+-----
Dodging        | 3 5 6 8 9 10 12 13 14 15 17 | 17.7
Fighting       | 4 6 7 9 11 12 13 16 17 20 23 25 | 25.2
Long Blades    | 5 7 9 11 12 14 17 20 22 24 25 | 25.1
Stealth        | 1 2 3 4 5 6 7 8 |  8.7
Evocations     | 3 5 |  5.8

Action                   |  1- 3 |  4- 6 |  7- 9 | 10-12 | 13-15 || total
-------------------------+-------+-------+-------+-------+-------++-------
Melee: Falchion          |    33 |     5 |       |       |       ||    38
       Tailslap          |     5 |     1 |     6 |    34 |    39 ||    85
       Punch             |       |     1 |     1 |     1 |       ||     3
       Scimitar          |       |     7 |    53 |    29 |       ||    89
       Great sword       |       |       |       |   154 |   186 ||   340
       Bite              |       |       |       |       |    12 ||    12
Invok: Berserk           |     1 |     1 |     2 |     9 |     5 ||    18
       Brothers in Arms  |       |       |       |     5 |     1 ||     6
 Abil: Breathe Acid      |       |       |     2 |     7 |     4 ||    13
Evoke: Wand              |       |       |       |    10 |       ||    10
  Use: Potion            |       |       |       |     2 |     4 ||     6
       Scroll            |       |       |       |     3 |       ||     3
 Stab: Distracted        |     1 |       |       |       |     1 ||     2
       Sleeping          |       |       |       |     1 |       ||     1
Armor: Skin              |     8 |     3 |     6 |    50 |    36 ||   103
Dodge: Dodged            |    18 |     6 |    19 |    90 |    84 ||   217

Table legend: (Time is in decaauts)
 A = Elapsed time spent in this place.
 B = Non-inter-level travel time spent in this place.
 C = Inter-level travel time spent in this place.
 D = Time resting spent in this place.
 E = Time spent auto-exploring this place.
 F = Levels seen in this place.
 G = Mean time per level.
                   A        B        C        D        E       F      G
               +--------+--------+--------+--------+--------+-----+--------+
         Total |   4566 |   4566 |      0 |   2554 |    539 |   1 | 4566.0 |
       Dungeon |   4566 |   4566 |      0 |   2554 |    539 |   1 | 4566.0 |
               +--------+--------+--------+--------+--------+-----+--------+

Top non-repeatable levels by time:
       D: 4566 daAuts
